Map: Last Fantasy LE

Players

ManlyManMeat

  • Race: Terran Terran
  • Spawn Location: 3:00

Quatrefromag - Winner!

  • Race: Protoss Protoss
  • Spawn Location: 12:00

VOD

Have the link to the VOD?

Description

Time

  • Played on: May 12, 2025, 6:44 a.m.
  • Length: 15:43
Show
View Real Time Build Order
Export as new Build Order

ManlyManMeat Terran 

Build Orders:  

Get SALT Encoding   

  12  0:14  Supply Depot  
  12  0:21  SCV  
  13  0:33  SCV  
  14  0:38  Barracks  
  14  0:45  SCV  
  15  0:57  SCV  
  16  1:09  SCV  
  16  1:21  SCV  
  17  1:25  Supply Depot  
  17  1:33  SCV  
  18  1:50  Marine  
  19  1:57  Supply Depot  
  19  2:06  Bunker  
  19  2:08  Marine  
  20  2:14  SCV  
  22  2:32  Marine  
  22  2:34  Command Center  
  22  2:36  Orbital Command  
  23  2:55  Supply Depot  
  23  2:59  Barracks  
  23  3:05  Refinery  
  22  3:07  Refinery, SCV  
  22  3:12  Marine  
  24  3:19  SCV  
  25  3:29  Marine  
  26  3:40  SCV  
  27  3:51  Marine  
  27  3:52  SCV  
  29  4:00  Orbital Command  
  29  4:03  Barracks Tech Lab  
  30  4:23  Barracks Tech Lab  
  29  4:28  Marauder  
  31  4:41  Engineering Bay  
  31  4:45  Engineering Bay  
  31  4:49  Marauder  
  33  4:56  SCV  
  33  4:58  SCV  
  33  4:59  Marine  
  36  5:04  Combat Shield  
  36  5:05  Stimpack  
  36  5:08  SCV  
  36  5:10  Marine, SCV  
  39  5:21  SCV  
  40  5:22  SCV  
  41  5:28  Marine  
  41  5:29  Marine  
  41  5:34  Terran Infantry Weapons Level 1  
  43  5:35  Terran Infantry Armor Level 1  
  43  5:41  SCV  
  44  5:46  Marine x2  
  44  5:47  Refinery  
  44  5:48  Refinery  
  46  5:53  SCV  
  46  6:04  Marine x2  
  48  6:17  Supply Depot  
  48  6:22  SCV  
  49  6:29  Supply Depot  
  49  6:34  Marine x2, SCV  
  52  6:43  Missile Turret  
  52  6:51  Missile Turret  
  52  6:52  Marine x2  
  54  7:02  Supply Depot  
  54  7:10  Marine x2  
  54  7:12  Barracks  
  54  7:14  Barracks  
  54  7:15  Barracks x2  
  50  7:27  Marine  
  50  7:28  Marine, Hi-Sec Auto Tracking  
  50  7:29  Neosteel Armor  
  52  7:38  SCV  
  49  7:45  Marine x2  
  49  7:50  SCV  
  50  8:00  Factory  
  50  8:03  Marine x2, Factory  
  52  8:11  SCV  
  53  8:14  SCV  
  54  8:21  Marine x2  
  54  8:24  SCV  
  54  8:26  SCV  
  58  8:47  Factory Reactor  
  58  8:48  Factory Tech Lab  
  58  8:51  Factory Tech Lab  
  58  8:54  Marauder  
  60  8:57  Marauder  
  62  9:05  Supply Depot x2  
  62  9:16  Marauder  
  64  9:17  Missile Turret  
  64  9:18  Marauder  
  64  9:23  Missile Turret  
  66  9:27  Missile Turret x2  
  66  9:31  Siege Tank  
  66  9:32  Siege Tank  
  66  9:36  Missile Turret  
  72  9:43  Armory  
  72  9:48  Armory  
  72  9:59  Marauder x2  
  76  10:03  Siege Tank  
  76  10:04  Siege Tank  
  82  10:41  Supply Depot  
  82  10:42  Supply Depot, Command Center  
  82  10:52  Siege Tank x2  
  82  10:55  Marauder x2  
  92  11:07  Command Center  
  92  11:12  Command Center  
  92  11:16  Marine x2  
  94  11:24  Thor x2  
  105  11:34  Refinery  
  105  11:44  Refinery  
  105  11:48  Refinery  
  105  12:00  Missile Turret x2  
  105  12:01  Missile Turret x2  
  103  12:22  SCV, Missile Turret  
  103  12:25  SCV  
  104  12:32  Thor  
  104  12:35  SCV  
  111  12:37  Marine x2, SCV  
  111  12:43  SCV  
  115  12:47  SCV x2  
  115  12:49  SCV  
  118  12:54  Terran Infantry Armor Level 2, Marine  
  118  12:55  Marine, SCV  
  121  12:59  SCV x2  
  121  13:01  SCV  
  121  13:05  Terran Vehicle Weapons Level 1  
  124  13:12  Marine  
  113  14:26  Marine x2  
  115  14:52  Marine x2  
  116  14:59  Command Center  
Show
View Real Time Build Order
Export as new Build Order

Quatrefromag Protoss - Winner!

Build Orders: Forge Fast Expand (FFE) 

Get SALT Encoding   

  12  0:02  Probe  
  13  0:14  Probe  
  14  0:22  Pylon  
  14  0:26  Probe  
  15  0:40  Probe  
  16  0:45  Forge  
  16  0:53  Probe  
  17  1:05  Probe  
  18  1:17  Probe  
  19  1:23  Nexus  
  19  1:31  Probe  
  20  1:38  Assimilator  
  20  1:50  Probe  
  20  1:52  Pylon  
  21  2:02  Probe  
  22  2:14  Probe  
  23  2:24  Gateway  
  23  2:28  Photon Cannon  
  23  2:31  Pylon  
  23  2:35  Probe  
  24  2:37  Assimilator  
  24  2:45  Probe  
  25  2:52  Probe  
  25  2:53  Probe  
  27  3:00  Probe  
  27  3:03  Probe  
  28  3:05  Pylon  
  29  3:13  Cybernetics Core  
  29  3:16  Probe  
  29  3:17  Probe  
  31  3:24  Probe  
  31  3:25  Probe  
  31  3:33  Probe  
  31  3:34  Probe  
  35  3:43  Photon Cannon  
  35  3:48  Pylon  
  35  3:52  Warp Gate  
  35  4:02  Probe x2  
  37  4:03  Pylon  
  37  4:06  Pylon  
  37  4:12  Stargate  
  37  4:16  Probe x2  
  39  4:29  Gateway  
  39  4:31  Gateway x2  
  39  4:35  Probe x2  
  41  4:39  Assimilator  
  41  4:40  Assimilator  
  41  4:46  Adept  
  41  4:47  Oracle, Probe  
  41  4:48  Probe  
  48  5:08  Probe x2  
  50  5:26  Nexus  
  50  5:29  Pylon  
  50  5:31  Pylon  
  50  5:33  Pylon  
  51  5:35  Probe  
  51  5:36  Probe  
  51  5:37  Oracle  
  55  5:50  Assimilator  
  55  5:54  Assimilator  
  55  5:56  Shield Battery  
  55  6:04  Adept  
  55  6:05  Adept x3  
  63  6:23  Protoss Shields Level 1  
  63  6:30  Stalker x4  
  72  6:40  Probe x3  
  72  6:43  Shield Battery  
  72  6:46  Shield Battery  
  74  6:49  Gateway  
  74  6:51  Gateway  
  74  6:55  Gateway  
  74  6:57  Gateway  
  74  6:59  Photon Cannon  
  74  7:00  Photon Cannon  
  74  7:03  Probe x3  
  77  7:15  Probe  
  78  7:25  Stalker x4  
  86  7:53  Probe x2  
  86  7:54  Probe  
  86  7:58  Zealot x3  
  93  7:59  Zealot x4  
  93  8:00  Zealot  
  105  8:05  Probe  
  105  8:06  Probe x2  
  108  8:22  Robotics Facility  
  108  8:23  Pylon  
  108  8:32  Stalker x2  
  108  8:33  Stalker x2  
  116  8:36  Pylon  
  116  8:37  Pylon  
  116  8:47  Robotics Facility  
  116  8:54  Pylon x2  
  116  9:03  Shield Battery  
  116  9:06  Shield Battery  
  116  9:18  Protoss Ground Armor Level 1  
  116  9:19  Nexus  
  116  9:20  Pylon  
  116  9:22  Pylon  
  116  9:47  Robotics Bay  
  116  9:52  Forge  
  116  9:59  Stalker x3  
  122  10:00  Stalker x4  
  122  10:01  Stalker  
  132  10:16  Probe x3  
  135  10:22  Shield Battery  
  135  10:24  Shield Battery  
  135  10:26  Shield Battery  
  135  10:28  Gateway  
  135  10:29  Gateway  
  135  10:35  Gateway  
  135  10:36  Gateway  
  135  10:43  Extended Thermal Lance  
  135  10:44  Pylon  
  135  10:45  Colossus  
  135  10:46  Colossus  
  135  10:48  Pylon  
  135  10:53  Pylon  
  135  10:56  Pylon  
  147  11:14  Protoss Ground Weapons Level 1  
  147  11:27  Twilight Council  
  147  11:50  Colossus  
  147  11:51  Colossus  
  156  12:33  Zealot  
  156  12:34  Zealot x5  
  156  12:35  Zealot x5  
  156  12:36  Zealot  
  180  12:47  Colossus  
  180  12:48  Colossus  
  192  13:05  Charge  
  192  13:19  Stalker x2  
  196  13:20  Stalker x2  
  200  14:10  Pylon x2  
  200  14:13  Pylon  
  200  14:58  Pylon  
  200  14:59  Nexus  
  200  15:04  Pylon  
  200  15:09  Pylon  
Tags
 
Add a new tag
Caveats
  • Supply blocks, unpowered buildings, or Contaminate may cause inaccurate times.
  • Supply counts are checked every 10 seconds.